[Event "Team 45 45 League T49"]
[Site "Internet Chess Club"]
[Date "2011.07.02"]
[Round "8"]
[White "Freitac"]
[Black "Tobiasdelmonte"]
[Result "1-0"]
[WhiteElo "1939"]
[BlackElo "1800"]
[Opening "QGD semi-Slav"]
[ECO "D43"]
[Time "09:00:06"]
[TimeControl "2700+45"]

1. d4 d5 2. c4 e6 3. Nc3 c6 4. Nf3 Nf6 5. Bg5 h6 6. Bh4 Nbd7 7. e3 Qa5 8. cxd5
Nxd5 9. Qd2 Bb4 10. Rc1 Nxc3 11. bxc3 Ba3 12. Rb1 O-O 13. Bd3 e5 14. O-O exd4
15. Nxd4 Ne5 16. Bc2 Re8 17. f4 Ng6 18. Be1 Rd8 19. Qe2 Bf8 20. c4 Qxa2 21. Bc3
Qa3 22. Rb3 Qe7 23. f5 Ne5 24. f6 gxf6 25. Bf5 c5 26. Bxc8 cxd4 27. exd4 Nxc4
28. Qg4+ Bg7 29. Bb4 Nd6 30. Rg3 Qf8 31. Bf5 a5 32. Bc5 Ra6 33. Qf4 Rc6 34. Bxd6
Qxd6 35. Qf3 Qxd4+ 36. Kh1 Rc5 37. Qh5 Qd2 38. Bh7+ Kxh7 39. Qxc5 Qe2 40. Qf5+
Kh8 41. Rgf3 a4 42. h3 b5 43. Qh5 Rd2 44. Qg4 Rc2 45. Qg3 a3 46. Re1 a2 47. Rxe2
a1=Q+ 48. Re1 Rc1 49. Rff1 Rxe1 50. Rxe1 Qd4 51. Qb8+ Kh7 52. Qxb5 Qf2 53. Qd3+
f5 54. Rf1 Qc5 55. Rxf5 Qc3 56. Qxc3 Bxc3 57. Rxf7+ Kg6 58. Rc7 Be5 59. Rc6+ Kg7
60. Kg1 Bg3 61. Kf1 h5 62. Ke2 h4 63. Kf3 Kf7 64. Kg4 Ke7 65. Rh6 Be1 66. Rxh4
{Black resigns} 1-0

[Event "Team 45 45 League T49"]
[Site "Internet Chess Club"]
[Date "2011.07.04"]
[Round "8"]
[White "GreatBendini"]
[Black "chessattack1"]
[Result "1/2-1/2"]
[WhiteElo "1902"]
[BlackElo "1814"]
[Opening "French: Winawer, advance, 5.a3"]
[ECO "C17"]
[Time "17:45:27"]
[TimeControl "2700+45"]

1. e4 e6 2. d4 d5 3. Nc3 Bb4 4. e5 c5 5. a3 Ba5 6. Bd2 Ne7 7. dxc5 Nbc6 8. Nf3
Ng6 9. Nb5 Bxd2+ 10. Qxd2 O-O 11. Qc3 f6 12. exf6 Rxf6 13. Nd6 b6 14. Bb5 Bd7
15. O-O Qc7 16. Rad1 Nf4 17. Rd2 Raf8 18. Bd3 e5 19. Ng5 e4 20. Ndxe4 dxe4 21.
Bxe4 Bf5 22. Qc4+ Kh8 23. cxb6 Qxb6 24. Bxc6 h6 25. Qxf4 hxg5 26. Qxg5 Qxc6 27.
c3 Rg6 28. Qh4+ Kg8 29. f3 Re8 30. Re1 Rxe1+ 31. Qxe1 Re6 32. Re2 Rxe2 33. Qxe2
Qe6 34. Qxe6+ Bxe6 35. Kf2 Kf7 36. Ke3 Bb3 37. Kd4 Ke6 38. c4 g5 39. Kc3 Bd1 40.
Kd4 Bb3 41. c5 Ba4 42. g3 Bc6 43. Ke3 Kd5 44. b4 Ke5 45. h4 gxh4 46. gxh4 Be8
47. f4+ Kd5 48. Kf3 Bh5+ 49. Kf2 a6 50. Kg3 Ke6 51. a4 Be8 52. Kg4 Kf6 53. b5
axb5 54. axb5 Bxb5 55. Kf3 Kf5 56. h5 Be8 57. h6 Kg6 {Game drawn by mutual
agreement} 1/2-1/2

[Event "Team 45 45 League T49"]
[Site "Internet Chess Club"]
[Date "2011.07.01"]
[Round "8"]
[White "Sir-Sinister"]
[Black "Killian"]
[Result "1/2-1/2"]
[WhiteElo "1771"]
[BlackElo "1900"]
[Opening "Sicilian: closed"]
[ECO "B23"]
[Time "16:00:07"]
[TimeControl "2700+45"]

1. e4 c5 2. Nc3 e6 3. f4 d5 4. Bb5+ Nc6 5. d3 g6 6. Bxc6+ bxc6 7. Nf3 Bg7 8. O-O
Ne7 9. Qe1 O-O 10. e5 Nf5 11. Qf2 Qa5 12. Bd2 d4 13. Ne4 Qb6 14. Rfb1 a5 15. g4
Ne7 16. c4 Kh8 17. Qh4 Ng8 18. Nfg5 h6 19. Nd6 Qc7 20. Nge4 f6 21. Nxc5 fxe5 22.
fxe5 Bxe5 {Game drawn by mutual agreement} 1/2-1/2

[Event "Team 45 45 League T49"]
[Site "Internet Chess Club"]
[Date "2011.07.01"]
[Round "8"]
[White "Gilguli"]
[Black "quotha"]
[Result "0-1"]
[WhiteElo "1384"]
[BlackElo "1685"]
[Opening "Queen's pawn game"]
[ECO "D02"]
[Time "08:06:15"]
[TimeControl "2700+45"]

1. d4 d5 2. Nf3 Bf5 3. e3 h6 4. Bd3 Bxd3 5. Qxd3 Nf6 6. Nbd2 e6 7. O-O Bd6 8.
Qb5+ Nbd7 9. Qxb7 O-O 10. c4 c5 11. dxc5 Nxc5 12. Qb4 Qc7 13. cxd5 Nxd5 14. Qh4
Rab8 15. Nc4 Rb4 16. b3 a5 17. Bd2 Be7 18. Qh3 Bf6 19. Bxb4 Nxb4 20. Nd4 a4 21.
a3 Nbd3 22. bxa4 Ne4 23. Qg4 Nc3 24. Nb5 Nxb5 25. axb5 Bxa1 26. Rxa1 f5 27. Qd4
Rd8 28. Qc3 Nc5 29. Qe5 Qa7 30. h3 Rd5 31. Qb2 Qb8 32. g3 Ne4 33. a4 Rc5 34. Rc1
Rd5 35. Na5 Rd2 36. Qb3 Rxf2 37. Qxe6+ Kh7 38. Qxe4 Qxg3+ {White resigns} 0-1

[Event "Team 45 45 League T49"]
[Site "Internet Chess Club"]
[Date "2011.07.04"]
[Round "8"]
[White "koni"]
[Black "mickeys"]
[Result "0-1"]
[WhiteElo "1861"]
[BlackElo "1955"]
[Opening "Queen's pawn game"]
[ECO "D02"]
[Time "10:01:12"]
[TimeControl "2700+45"]

1. Nf3 d5 2. d4 Bf5 3. c4 dxc4 4. Nc3 Nf6 5. e3 e6 6. Bxc4 Nbd7 7. O-O c6 8. Qe2
Nb6 9. Bb3 Nbd5 10. Nxd5 exd5 11. Bd2 Bd6 12. Rfc1 O-O 13. Bc2 Bxc2 14. Rxc2 Ne4
15. Be1 Qe7 16. h3 f5 17. Nd2 f4 18. Nxe4 Qxe4 19. exf4 Qxf4 20. g3 Qf5 21. Kg2
Rae8 22. Qd2 Bb4 23. Qxb4 Qxc2 24. Qc3 Qe4+ 25. Kg1 Rf3 26. Qb4 Ref8 27. Rd1 Qe2
28. Qd2 Qe6 29. Kg2 Qe4 30. Kh2 R8f6 31. a3 Rh6 32. Qg5 Qe2 33. Rc1 Rxf2+ 34.
Bxf2 Qxf2+ 35. Kh1 Rxh3# {White checkmated} 0-1

[Event "Team 45 45 League T49"]
[Site "Internet Chess Club"]
[Date "2011.07.01"]
[Round "8"]
[White "pishd"]
[Black "BigH"]
[Result "0-1"]
[WhiteElo "1744"]
[BlackElo "1912"]
[Opening "Queen's pawn game"]
[ECO "A46"]
[Time "10:15:46"]
[TimeControl "2700+45"]

1. d4 Nf6 2. Nf3 e6 3. Bf4 c5 4. e3 Be7 5. c3 Nh5 6. Be5 d6 7. Nfd2 dxe5 8. Qxh5
exd4 9. exd4 cxd4 10. Bb5+ Nc6 11. cxd4 Qxd4 12. Nc3 O-O 13. Nf3 Qb4 14. O-O-O
Bf6 15. Ng5 Qf4+ {White resigns} 0-1

[Event "Team 45 45 League T49"]
[Site "Internet Chess Club"]
[Date "2011.07.04"]
[Round "8"]
[White "Nakke"]
[Black "cknights"]
[Result "1/2-1/2"]
[WhiteElo "1808"]
[BlackElo "2057"]
[Opening "QGD Slav: exchange, Trifunovic variation"]
[ECO "D14"]
[Time "11:30:04"]
[TimeControl "2700+45"]

1. d4 d5 2. c4 c6 3. cxd5 cxd5 4. Nc3 Nf6 5. Nf3 Nc6 6. Bf4 Bf5 7. e3 e6 8. Qb3
Bb4 9. Ne5 Bxc3+ 10. Qxc3 O-O 11. Nxc6 bxc6 12. Qa3 Qd7 13. Ba6 Nh5 14. Bd6 Rfd8
15. Bc5 Nf6 16. O-O Ne4 17. Rac1 Rab8 18. b3 Re8 19. Bb4 h5 20. f3 Nf6 21. Bd6
Rb6 22. Bc5 Rbb8 23. Bd6 Rbd8 24. Bg3 g5 25. Qc5 Kh7 26. Qxc6 Qxc6 27. Rxc6 Re7
28. Rfc1 Kg7 29. Rc7 Red7 30. Rxd7 Rxd7 31. Rc7 Rxc7 32. Bxc7 Bb1 33. a3 Ba2 34.
Bb8 Bxb3 35. Bxa7 Bc4 36. Bb7 Bb5 37. e4 dxe4 38. Bxe4 Nxe4 39. fxe4 Bc6 40. e5
f5 41. exf6+ Kxf6 42. g3 Kf5 43. h3 Ke4 44. Kf2 Bb5 45. Bb6 g4 46. hxg4 hxg4 47.
Ba7 Kd3 48. Bb6 Bc6 49. Ba7 Bd7 50. Bb6 Bc6 51. Ba7 Bb5 52. Bb6 Bd7 53. Ba7 Bc6
54. Bb6 Bd7 55. Ba7 Bc6 56. Bb6 Ba4 57. Ba7 Bc6 58. Bb6 Ba4 59. Ba7 Bc6 60. Bb6
Bd7 61. Ba7 Bb5 62. Bb6 Ba4 63. Ba7 Be8 64. Bb6 Bd7 65. Ba7 Bc6 66. Bb6 Bb5 67.
Ba7 Ba4 68. Bb6 Bc6 69. Ba7 Bd7 70. Bb6 Be8 71. Ba7 Ba4 72. Bb6 Bb5 73. Ba7 Bc6
74. Bb6 Bd7 75. Ba7 Be8 76. Bb6 Bd7 77. Ba7 Bc6 78. Bb6 Kc3 79. Ke3 Kb3 80. Kf4
Bf3 81. Ke5 Bd5 82. Kf4 Kxa3 83. Kxg4 Kb4 84. Kf4 Kb5 85. Ba7 Kc6 86. Ke5 Kd7
87. Bc5 Ke8 88. Kf6 Bc4 89. g4 Bd5 90. g5 Bc4 91. g6 Bb3 92. g7 e5 93. dxe5 Bf7
94. e6 Bg8 95. Bd6 Kd8 96. Kg6 Bxe6 97. g8=Q+ Bxg8 {Game drawn because neither
player has mating material} 1/2-1/2

[Event "Team 45 45 League T49"]
[Site "Internet Chess Club"]
[Date "2011.06.30"]
[Round "8"]
[White "DrunkNMaster"]
[Black "ScotchYeti"]
[Result "0-1"]
[WhiteElo "1671"]
[BlackElo "1625"]
[Opening "Réti opening"]
[ECO "A05"]
[Time "14:01:29"]
[TimeControl "2700+45"]

1. Nf3 Nf6 2. g3 c5 3. Bg2 Nc6 4. O-O d5 5. d3 e6 6. Nbd2 Be7 7. e4 b6 8. e5 Nd7
9. Re1 Bb7 10. b3 Qc7 11. Nf1 O-O-O 12. Bh3 h6 13. d4 cxd4 14. Nxd4 Nxd4 15.
Qxd4 Bc5 16. Qf4 Kb8 17. Bb2 g5 18. Qxf7 Rhf8 19. Qxe6 Bxf2+ 20. Kh1 d4+ 21. Bg2
Bxg2+ 22. Kxg2 Qb7+ 23. Kh3 Nc5 24. Qg4 Bxe1 25. Rxe1 Rf2 26. Ne3 dxe3 27. Qc4
{White resigns} 0-1

[Event "Team 45 45 League T49"]
[Site "Internet Chess Club"]
[Date "2011.07.01"]
[Round "8"]
[White "Gregorio"]
[Black "primerpaso"]
[Result "0-1"]
[WhiteElo "1973"]
[BlackElo "1869"]
[Opening "English, 1...Nf6 (Anglo-Indian defense)"]
[ECO "A15"]
[Time "20:00:23"]
[TimeControl "2700+45"]

1. c4 Nf6 2. g3 d5 3. Bg2 g6 4. Nf3 Bg7 5. h4 c6 6. Qc2 O-O 7. b3 Bf5 8. d3 dxc4
9. bxc4 Ng4 10. Nc3 Na6 11. Rb1 Nc5 12. Ne4 Bxe4 13. dxe4 Qc7 14. Bf4 e5 15. Bc1
Rfd8 16. O-O Ne6 17. e3 b6 18. Bh3 h5 19. Bxg4 hxg4 20. Nh2 Nc5 21. Nxg4 Qd7 22.
Nh2 f5 23. exf5 gxf5 24. Ba3 Nd3 25. e4 fxe4 26. c5 Bf8 27. Qe2 Qf5 28. Kg2 Bxc5
29. Bxc5 Nxc5 30. Ng4 Kg7 31. Ne3 Qg6 32. h5 Qg5 33. h6+ Kh8 34. Rh1 Nd3 35. Qc2
Rf8 36. Rbf1 Rf6 37. Rh4 Raf8 38. Ng4 Rg6 39. Kh3 Qf5 40. Qe2 Rfg8 41. f3 exf3
42. Rxf3 Nf4+ 43. gxf4 Rxg4 44. Qxe5+ Qxe5 45. fxe5 Rg1 46. Rf2 R1g3+ 47. Kh2
Re3 48. Rh5 Re8 49. Rff5 Re2+ 50. Kg3 Rxa2 51. Rf6 Re2 52. Rxc6 R2xe5 53. Rxe5
Rxe5 54. Rc7 a5 55. Kf4 Rc5 56. Ra7 Rh5 57. Ke4 Rxh6 58. Kd5 Rh4 59. Kc6 Rb4 60.
Rf7 a4 61. Rf1 a3 62. Rf3 a2 63. Ra3 Rb2 64. Kd5 b5 65. Ra7 b4 66. Kc4 b3 {White
resigns} 0-1

[Event "Team 45 45 League T49"]
[Site "Internet Chess Club"]
[Date "2011.06.30"]
[Round "8"]
[White "ghostfire"]
[Black "frank001"]
[Result "0-1"]
[WhiteElo "1706"]
[BlackElo "1660"]
[Opening "Sicilian: Pelikan (Lasker/Sveshnikov) variation"]
[ECO "B33"]
[Time "23:00:33"]
[TimeControl "2700+45"]

1. e4 c5 2. Nf3 Nc6 3. d4 cxd4 4. Nxd4 Nf6 5. Nc3 e5 6. Nxc6 bxc6 7. Be2 Bb4 8.
Bd2 d6 9. f3 Rb8 10. a3 Bc5 11. Na4 Bb6 12. Nxb6 Qxb6 13. Bc3 O-O 14. Qxd6 Rd8
15. Qxe5 Be6 16. Rb1 Qe3 17. Kf1 Re8 18. Qg3 Nh5 19. Qf2 Qg5 20. Qxa7 c5 21. Kf2
Nf4 22. Rhg1 Qh4+ 23. Kf1 Nxe2 24. Kxe2 Bd5 25. Rbe1 Rbd8 26. Kd1 Qg5 27. exd5
Rxd5+ {White resigns} 0-1

[Event "Team 45 45 League T49"]
[Site "Internet Chess Club"]
[Date "2011.07.03"]
[Round "8"]
[White "IceBox"]
[Black "Frankly"]
[Result "1/2-1/2"]
[WhiteElo "1763"]
[BlackElo "1780"]
[Opening "Torre attack (Tartakower variation)"]
[ECO "D03"]
[Time "16:00:03"]
[TimeControl "2700+45"]

1. d4 d5 2. Nf3 Nf6 3. Bg5 c5 4. e3 e6 5. c3 Nc6 6. Bd3 cxd4 7. exd4 Bd6 8. Qc2
h6 9. Bh4 O-O 10. Nbd2 e5 11. dxe5 Nxe5 12. Nxe5 Bxe5 13. O-O Qb6 14. Nf3 Bc7
15. Qb3 Qxb3 16. axb3 Ne4 17. Rfe1 Bf5 18. Nd4 Bh7 19. f3 Nc5 20. Bxh7+ Kxh7 21.
Be7 Nd3 22. Bxf8 Nxe1 23. Rxe1 Rxf8 24. Re7 Bb6 25. Rxb7 Kg6 26. Rd7 Re8 27. Kf1
Bxd4 28. cxd4 Rb8 29. Rxd5 Rxb3 30. Ra5 Rxb2 31. Rxa7 Rd2 32. Rd7 Kf6 33. h3 Ke6
34. Rd8 Ke7 35. Rd5 Ke6 36. Rd8 Ke7 37. Rd5 Ke6 38. Rd8 {Game drawn by
repetition} 1/2-1/2

[Event "Team 45 45 League T49"]
[Site "Internet Chess Club"]
[Date "2011.06.29"]
[Round "8"]
[White "DarkFlow"]
[Black "dacarrelli"]
[Result "1-0"]
[WhiteElo "1984"]
[BlackElo "1668"]
[Opening "Caro-Kann: Panov-Botvinnik attack"]
[ECO "B13"]
[Time "13:36:25"]
[TimeControl "2700+45"]

1. e4 c6 2. d4 d5 3. exd5 cxd5 4. c4 Nf6 5. Nc3 Nc6 6. Nf3 Bg4 7. cxd5 Nxd5 8.
Bc4 Nxc3 9. bxc3 e5 10. h3 Bxf3 11. Qxf3 Qf6 12. Qxf6 gxf6 13. d5 Na5 14. Bb5+
Kd8 15. Bd2 a6 16. Bd3 Rc8 17. Rc1 Nc4 18. Bxc4 Rxc4 19. O-O Ba3 20. Rb1 b5 21.
Rb3 Bc5 22. Ra1 Ra4 23. Be3 Be7 24. Rd1 Kd7 25. Rd2 Rc8 26. g4 Bc5 27. Kg2 Kd6
28. Kf3 Bxe3 29. fxe3 Rc5 30. e4 Rac4 31. Rc2 Rd4 32. Ra3 Rd3+ 33. Kg2 Re3 34.
Rxa6+ Ke7 35. a4 Rxe4 36. axb5 Rxb5 37. Rd2 Rb7 38. Rc6 Rd7 39. c4 Ra7 40. c5
Rf4 41. Rc8 h5 42. c6 hxg4 43. d6+ Ke6 44. Re8+ Kf5 45. d7 gxh3+ 46. Kh2 Rd4 47.
Rxd4 exd4 48. d8=Q {Black resigns} 1-0

[Event "Team 45 45 League T49"]
[Site "Internet Chess Club"]
[Date "2011.06.29"]
[Round "8"]
[White "Rubikon81"]
[Black "Grenadier"]
[Result "1-0"]
[WhiteElo "1770"]
[BlackElo "1765"]
[Opening "Queen's pawn: Yusupov-Rubinstein system"]
[ECO "A46"]
[Time "10:00:21"]
[TimeControl "2700+45"]

1. d4 Nf6 2. Nf3 e6 3. e3 b6 4. Bd3 Bb7 5. O-O Be7 6. c4 c5 7. Nc3 Nc6 8. d5 Nb4
9. Bb1 exd5 10. a3 d4 11. exd4 Bxf3 12. Qxf3 cxd4 13. axb4 dxc3 14. bxc3 O-O 15.
Re1 Re8 16. g4 d6 17. g5 Nd7 18. Bf4 Ne5 19. Bxe5 dxe5 20. Be4 Rc8 21. Bd5 Rf8
22. Rxa7 Bxg5 23. Rxf7 Rxf7 24. Bxf7+ Kh8 25. Rxe5 Qd2 26. Qg4 Rf8 27. Rxg5 Qe1+
28. Kg2 Qxc3 29. Rh5 g6 30. Rxh7+ Kxh7 31. Qxg6+ Kh8 32. Qh6# {Black checkmated}
1-0

[Event "Team 45 45 League T49"]
[Site "Internet Chess Club"]
[Date "2011.07.04"]
[Round "8"]
[White "GoIrish"]
[Black "BotanicalKnight"]
[Result "1-0"]
[WhiteElo "1604"]
[BlackElo "1602"]
[Opening "Réti v Dutch"]
[ECO "A93"]
[Time "21:00:58"]
[TimeControl "2700+45"]

1. Nf3 f5 2. g3 Nf6 3. Bg2 e6 4. O-O Be7 5. d4 d5 6. c4 c6 7. b3 O-O 8. Nc3 Ne4
9. Bb2 Nd7 10. Qd3 g5 11. h3 Qe8 12. c5 a5 13. a3 Qg6 14. b4 g4 15. hxg4 Nxc3
16. Bxc3 axb4 17. gxf5 Qxf5 18. Qxf5 Rxf5 19. axb4 Rxa1 20. Rxa1 b6 21. Bh3 Rf8
22. Bxe6+ Kg7 23. Bxd7 Bxd7 24. Ra7 Rd8 25. Ne5 bxc5 26. dxc5 {Black resigns}
1-0

[Event "Team 45 45 League T49"]
[Site "Internet Chess Club"]
[Date "2011.07.01"]
[Round "8"]
[White "AronT"]
[Black "saychess"]
[Result "1/2-1/2"]
[WhiteElo "2169"]
[BlackElo "2121"]
[Opening "QGD: Charousek (Petrosian) variation"]
[ECO "D31"]
[Time "22:01:01"]
[TimeControl "2700+45"]

1. d4 d5 2. c4 e6 3. Nc3 Be7 4. cxd5 exd5 5. Nf3 Nf6 6. Bg5 c6 7. Qc2 g6 8. e3
Bf5 9. Bd3 Bxd3 10. Qxd3 Nbd7 11. O-O O-O 12. Rab1 a5 13. a3 Re8 14. Qc2 Ne4 15.
Bxe7 Qxe7 16. Nxe4 dxe4 17. Nd2 c5 18. Rfe1 b6 19. Qa4 Rad8 20. b4 axb4 21. axb4
Nf6 22. bxc5 bxc5 23. Nb3 cxd4 24. Nxd4 Rd5 25. Qc6 Rc5 26. Qb7 Qe5 27. Rb5 Rxb5
28. Qxb5 Qxb5 29. Nxb5 Rb8 30. Nd4 Nd7 31. g3 Ne5 32. Kg2 f5 33. h4 Kf7 34. h5
Kf6 35. hxg6 hxg6 36. Re2 {Game drawn by mutual agreement} 1/2-1/2

[Event "Team 45 45 League T49"]
[Site "Internet Chess Club"]
[Date "2011.07.02"]
[Round "8"]
[White "carokantor"]
[Black "RosewoodTele"]
[Result "1-0"]
[WhiteElo "1955"]
[BlackElo "1821"]
[Opening "Sicilian: Alapin's variation (2.c3)"]
[ECO "B22"]
[Time "10:03:37"]
[TimeControl "2700+45"]

1. e4 c5 2. c3 Qa5 3. Nf3 Nc6 4. Be2 Nf6 5. d3 d5 6. exd5 Nxd5 7. O-O e6 8. d4
cxd4 9. Nxd4 Nxd4 10. Qxd4 Qc5 11. Qe5 Nf6 12. Qg3 g6 13. Be3 Qf5 14. Rd1 Bg7
15. Qd6 Bd7 16. Bf3 Qb5 17. Na3 Qxb2 18. Rab1 Qxa2 19. Rxb7 Bf8 20. Rb8+ Rxb8
21. Qxb8+ Ke7 22. Bc5# {Black checkmated} 1-0

[Event "Team 45 45 League T49"]
[Site "Internet Chess Club"]
[Date "2011.07.01"]
[Round "8"]
[White "Atlantis"]
[Black "McKnights"]
[Result "0-1"]
[WhiteElo "1817"]
[BlackElo "1944"]
[Opening "QGD: Marshall defense"]
[ECO "D06"]
[Time "20:01:11"]
[TimeControl "2700+45"]

1. d4 d5 2. c4 Nf6 3. cxd5 e6 4. dxe6 Bxe6 5. e3 Nc6 6. Nf3 Bb4+ 7. Bd2 O-O 8.
Bxb4 Nxb4 9. a3 Nbd5 10. Nc3 Nxc3 11. bxc3 c5 12. Bd3 c4 13. Be2 Qa5 14. Qc2 Ne4
15. Ne5 Rac8 16. O-O Nxc3 17. Bg4 Bxg4 18. Nxg4 Nd5 19. Ne5 Rfd8 20. Rfb1 f6 21.
Nf3 b5 22. Nd2 a6 23. Ne4 Qb6 24. Nc3 Nxc3 25. Qxc3 Qc6 26. Rc1 Qd6 27. Qb4 Rb8
28. Qxd6 Rxd6 29. a4 Rc6 30. axb5 axb5 31. Kf1 b4 32. Rab1 b3 33. Rc3 Kf7 34.
Ke2 Ke6 35. e4 Rc7 36. f4 f5 37. Ke3 fxe4 38. Kxe4 Kd6 39. g4 Re7+ 40. Kf3 Kd5
41. Re3 Rxe3+ 42. Kxe3 Re8+ 43. Kd2 Kxd4 44. Rd1 c3+ 45. Kc1+ Kc4 {White
resigns} 0-1

[Event "Team 45 45 League T49"]
[Site "Internet Chess Club"]
[Date "2011.07.04"]
[Round "8"]
[White "imgr8"]
[Black "grabuark"]
[Result "1/2-1/2"]
[WhiteElo "2077"]
[BlackElo "2063"]
[Opening "French: Tarrasch, Botvinnik variation"]
[ECO "C05"]
[Time "20:33:45"]
[TimeControl "2700+45"]

1. e4 e6 2. d4 d5 3. Nd2 Nf6 4. e5 Nfd7 5. Bd3 c5 6. c3 b6 7. Ne2 Ba6 8. Bc2 Nc6
9. Nf3 Rc8 10. O-O cxd4 11. cxd4 Nb4 12. Bb1 Qc7 13. Bd2 Nc2 14. Bxc2 Qxc2 15.
Rc1 Qxb2 16. Rxc8+ Bxc8 17. Qa4 Qa3 18. Qc6 Qa6 19. Rc1 Bb7 20. Qc7 Be7 21. Bg5
Bxg5 22. Nxg5 O-O 23. Qxd7 Qxe2 24. Qxb7 Qd2 25. Rb1 Qxg5 26. Qxa7 Rc8 27. g3 h5
28. h4 Qf5 29. Qxb6 Rc2 30. Rf1 Rxa2 31. Qb4 Rc2 32. Qb1 Rd2 33. Qb4 Qd3 34. Qe7
Qxd4 35. Qe8+ Kh7 36. Qxf7 Qxe5 37. Kg2 Qe4+ 38. Kg1 Qe5 39. Kg2 Qe4+ 40. Kh2
Qe2 41. Kg2 Qg4 42. Re1 Qf5 43. Qxf5+ exf5 44. Kf3 Kg6 45. Ke3 Ra2 46. Rd1 Ra3+
47. Kf4 Ra5 48. Ke5 Ra2 49. f4 Ra3 50. Rxd5 Re3+ 51. Kd4 Rxg3 52. Rd6+ Kf7 53.
Ke5 g6 54. Rd7+ Ke8 55. Rg7 Kf8 56. Kf6 Rg4 57. Rxg6 Rxf4 58. Rh6 Kg8 {Game
drawn by mutual agreement} 1/2-1/2

[Event "Team 45 45 League T49"]
[Site "Internet Chess Club"]
[Date "2011.07.03"]
[Round "8"]
[White "Tobiasdelmonte"]
[Black "snottgoblin"]
[Result "0-1"]
[WhiteElo "1727"]
[BlackElo "2019"]
[Opening "QGD: classical variation (5.Bf4)"]
[ECO "D37"]
[Time "21:30:08"]
[TimeControl "2700+45"]

1. d4 Nf6 2. Nf3 e6 3. c4 d5 4. Nc3 Be7 5. Bf4 O-O 6. e3 dxc4 7. Bxc4 c5 8. O-O
Nc6 9. Nb5 Nh5 10. Bc7 Qd7 11. Ne5 Nxe5 12. Bxe5 Nf6 13. Nc7 Rb8 14. Bb5 Qd8 15.
Nxe6 Bxe6 16. Bxb8 Qxb8 17. dxc5 Bxc5 18. Rc1 Qe5 19. Be2 Bb6 20. b3 Rd8 21. Qc2
Ng4 22. Bxg4 Bxg4 23. Qc3 Qg5 24. Qc4 h6 25. Qe4 Bf5 26. Qxb7 Rd2 27. e4 Bh3 28.
Qb8+ Kh7 29. Qg3 Rxf2 30. Qxg5 Rxg2+ 31. Kh1 Rxg5 32. Rg1 Bxg1 33. Rc2 Be3
{White resigns} 0-1

[Event "Team 45 45 League T49"]
[Site "Internet Chess Club"]
[Date "2011.07.05"]
[Round "8"]
[White "irock"]
[Black "JFlamer"]
[Result "1/2-1/2"]
[WhiteElo "1847"]
[BlackElo "1796"]
[Opening "Four knights: Spanish variation"]
[ECO "C48"]
[Time "21:27:23"]
[TimeControl "2700+45"]

1. e4 Nf6 2. Nc3 e5 3. Nf3 Nc6 4. Bb5 d6 5. d4 exd4 6. Nxd4 Bd7 7. Nxc6 bxc6 8.
Be2 Be7 9. O-O O-O 10. Be3 c5 11. Bf3 Rb8 12. Rb1 h6 13. Nd5 Nxd5 14. exd5 Bb5
15. Re1 Bf6 16. Qd2 Bd7 17. b3 Bf5 18. Bf4 Qd7 19. Be4 Rfe8 20. Qd3 Bxe4 21.
Rxe4 Rxe4 22. Qxe4 Re8 23. Qd3 Qg4 24. Be3 Qe4 25. Qb5 Rd8 26. Qc4 Re8 27. Qb5
Rd8 28. Qc4 Re8 29. Qxe4 Rxe4 30. Rd1 a5 31. h3 a4 32. Rd3 c4 33. bxc4 Rxc4 34.
Rd2 Rb4 35. Rd3 Rc4 36. Rd2 Rb4 {Game drawn by mutual agreement} 1/2-1/2

[Event "Team 45 45 League T49"]
[Site "Internet Chess Club"]
[Date "2011.07.05"]
[Round "8"]
[White "QueensCounselor"]
[Black "Chatica"]
[Result "0-1"]
[WhiteElo "2148"]
[BlackElo "2191"]
[Opening "Alekhine's defense: modern, Larsen variation"]
[ECO "B04"]
[Time "16:33:22"]
[TimeControl "2700+45"]

1. e4 Nf6 2. e5 Nd5 3. d4 d6 4. Nf3 dxe5 5. Nxe5 g6 6. Be2 Bg7 7. O-O O-O 8. c4
Nb4 9. a3 N4c6 10. Nxc6 Nxc6 11. d5 Nd4 12. Be3 c5 13. Nc3 Bd7 14. Re1 Qc7 15.
Rb1 Be5 16. g3 h5 17. Bxd4 Bxd4 18. Bd3 h4 19. Qf3 hxg3 20. Qxg3 Qxg3+ 21. hxg3
Rae8 22. Kg2 Kg7 23. Ne2 Bf6 24. Rh1 e6 25. Nc3 Bd4 26. Be4 f5 27. Bf3 e5 28.
Rbe1 Rf6 29. Be2 Rb6 30. Rb1 e4 31. Nb5 g5 32. Rh5 Bf6 33. Rbh1 Kf8 34. Rh6 f4
35. gxf4 gxf4 36. f3 Re5 37. Rg6 Bf5 38. Rgh6 Kg7 39. a4 e3 40. Kf1 Bc2 41. R6h2
Kf8 42. Rh6 Bxa4 43. d6 Kf7 44. Rh7+ Ke8 45. R1h6 Bxb5 46. cxb5 Rxd6 47. Rxb7
Re7 48. Rxe7+ Kxe7 49. Rh7+ Kd8 50. Rxa7 Bxb2 51. Rf7 Be5 52. Rf5 Rd5 53. Rf7
Rd4 54. b6 Rb4 55. b7 Bc7 56. Rf5 Bd6 57. Rf7 c4 {White resigns} 0-1

[Event "Team 45 45 League T49"]
[Site "Internet Chess Club"]
[Date "2011.07.02"]
[Round "8"]
[White "Gregorio"]
[Black "fledermaus"]
[Result "0-1"]
[WhiteElo "1956"]
[BlackElo "1958"]
[Opening "English: ultra-symmetrical variation"]
[ECO "A36"]
[Time "10:10:22"]
[TimeControl "2700+45"]

1. c4 c5 2. g3 Nc6 3. Bg2 g6 4. Nc3 Bg7 5. h4 Nf6 6. d3 d6 7. Bd2 Bg4 8. Nd5 h5
9. Bc3 e5 10. Qd2 Nxd5 11. Bxd5 Qd7 12. f3 Be6 13. e3 Ne7 14. e4 Bxd5 15. cxd5
b5 16. b4 Rc8 17. bxc5 Rxc5 18. Bb4 Rc7 19. Ne2 O-O 20. O-O Rfc8 21. Rac1 Rxc1
22. Rxc1 Rxc1+ 23. Qxc1 a5 24. Bd2 b4 25. Be3 Qb7 26. Qc4 Kh7 27. d4 a4 28. Nc1
Qb6 29. Bd2 exd4 30. Bxb4 d3+ 31. Kg2 Qe3 32. Nxd3 Bd4 33. Qc2 Qg1+ 34. Kh3 Qh1+
35. Qh2 Qf1+ 36. Qg2 Qxd3 37. Bxd6 Nc8 38. Bf4 Bc5 39. Bc1 a3 40. f4 f6 41. Bd2
Nd6 42. e5 fxe5 43. fxe5 Qf5+ 44. Kh2 Qxe5 45. Bf4 Qb2 {White resigns} 0-1

[Event "Team 45 45 League T49"]
[Site "Internet Chess Club"]
[Date "2011.07.04"]
[Round "8"]
[White "jonesey"]
[Black "alexping"]
[Result "1/2-1/2"]
[WhiteElo "1935"]
[BlackElo "1927"]
[Opening "French: Tarrasch, closed variation"]
[ECO "C05"]
[Time "12:06:28"]
[TimeControl "2700+45"]

1. e4 e6 2. d4 d5 3. Nd2 Nf6 4. e5 Nfd7 5. Bd3 c5 6. c3 Nc6 7. Ngf3 Qb6 8. Qa4
f6 9. O-O fxe5 10. dxe5 c4 11. Bb1 Qc7 12. Re1 b5 13. Qd1 Be7 14. Nd4 Nxd4 15.
Qh5+ Kd8 16. cxd4 Nf8 17. Nf3 Bd7 18. Qf7 Ng6 19. Qxg7 Bf8 20. Qf6+ Be7 21. Qg7
Bf8 22. Qf6+ Be7 23. Qf7 Qc6 24. Bh6 Be8 25. Qg7 Bf8 26. Qf6+ Be7 27. Qg7 Bf8
28. Qf6+ Be7 29. Qg7 Bf8 30. Qf6+ {Game drawn by repetition} 1/2-1/2

[Event "Team 45 45 League T49"]
[Site "Internet Chess Club"]
[Date "2011.07.01"]
[Round "8"]
[White "zbence"]
[Black "dinin"]
[Result "1/2-1/2"]
[WhiteElo "1848"]
[BlackElo "1949"]
[Opening "Sicilian: accelerated fianchetto, modern variation with Bc4"]
[ECO "B35"]
[Time "12:59:34"]
[TimeControl "2700+45"]

1. e4 c5 2. Nf3 Nc6 3. d4 cxd4 4. Nxd4 g6 5. Nc3 Bg7 6. Be3 Nf6 7. Bc4 O-O 8.
Bb3 Qa5 9. f3 d5 10. exd5 Nb4 11. d6 Qe5 12. Qd2 Qxd6 13. O-O-O Bd7 14. Kb1 Nbd5
15. Nxd5 Nxd5 16. Bxd5 Qxd5 17. Bh6 Rfd8 18. Bxg7 Kxg7 19. g4 Be6 20. Nxe6+ Qxe6
21. Qxd8 Rxd8 22. Rxd8 Qe2 23. Rd3 Qg2 24. Rhd1 Qxh2 25. R1d2 Qe5 26. a3 {Game
drawn by mutual agreement} 1/2-1/2